 Dungeon Crawl Stone Soup version 0.23.2-1-ga50397a (webtiles) character file.

Game seed: 7582556220080702022

475 schauveau the Chopper (level 7, -1/41 HPs)
             Began as a Gargoyle Berserker on May 3, 2019.
             Was a Priest of Trog.
             Slain by a phantom (6 damage)
             ... on level 4 of the Dungeon.
             The game lasted 00:07:06 (3964 turns).

schauveau the Chopper (Gargoyle Berserker)          Turns: 3964, Time: 00:07:07

Health: -1/41      AC: 13    Str: 22    XL:     7   Next: 10%
Magic:  7/7        EV:  8    Int:  8    God:    Trog [***...]
Gold:   274        SH:  0    Dex:  9    Spells: 6/6 levels left

rFire    . . .     SeeInvis .   a - +0 hand axe
rCold    . . .     Gourm    .   (no shield)
rNeg     + . .     Faith    .   m - +0 chain mail
rPois    ∞         Spirit   .   (no helmet)
rElec    +         Reflect  .   (no cloak)
rCorr    .         Harm     .   (no gloves)
MR       .....                  (no boots)
Stlth    ..........             d - amulet of inaccuracy (curse)
HPRegen  0.13/turn              k - ring of flight
MPRegen  0.10/turn              (no ring)

@: berserk cooldown
A: negative energy resistance 1, electricity resistance, unbreathing,
petrification resistance, rot immunity, AC +4
a: Berserk, Trog's Hand, Renounce Religion, Evoke Flight


You were on level 4 of the Dungeon.
You worshipped Trog.
Trog was most pleased with you.
You were not hungry.

You visited 1 branch of the dungeon, and saw 4 of its levels.

You collected 274 gold pieces.

Inventory:

Hand Weapons
 a - a +0 hand axe (weapon)
 p - a +0 blowgun
Missiles
 q - 22 poisoned needles
Armour
 m - a +0 chain mail (worn)
Jewellery
 d - a cursed amulet of inaccuracy (around neck)
 g - an uncursed amulet of guardian spirit {unknown}
 k - a ring of flight (left hand)
Wands
 b - a wand of acid (5)
 o - a wand of paralysis (6)
Scrolls
 e - 2 scrolls of fog
 h - 2 scrolls of teleportation
 j - a scroll of blinking
 l - a scroll of enchant armour
Potions
 f - 2 potions of ambrosia
 i - 3 potions of heal wounds
 r - 2 potions of might {unknown}
 u - a potion of lignification
Comestibles
 c - 2 rations


   Skills:
 - Level 3.2 Fighting
 * Level 6.9 Axes
 + Level 3.0 Armour
 - Level 1.5 Dodging


You had 6 spell levels left.
You didn't know any spells.
Your spell library was empty.

Dungeon Overview and Level Annotations

Branches:
Dungeon (4/15)
 Temple: D:4-7

Altars:
Makhleb
Okawaru
Wu Jian

Shops:
D:4 [

Annotations:
D:3 1 runed translucent door, Killmatronix's ghost, amateur DsWn


Innate Abilities, Weirdness & Mutations

You are resistant to torment.
Your stone body is resilient. (AC +4)
You are immune to poison.
You resist negative energy. (rN+)
You are resistant to electric shocks. (rElec)
You can survive without breathing.
You are immune to petrification.
You are immune to rotting.


Message History

The phantom hits you but does no damage.
You miss the phantom.
The phantom is moderately damaged.
The phantom completely misses you.
You miss the phantom.
The phantom is moderately damaged.
The phantom hits you but does no damage.
You hit the phantom.
The phantom is heavily damaged.
You barely miss the phantom.
The phantom is heavily damaged.
The phantom hits you but does no damage.
You closely miss the phantom.
The phantom is heavily damaged.
The phantom hits you.
* * * LOW HITPOINT WARNING * * *
You slash the phantom!
The phantom is severely damaged.
The phantom hits you.
You die...

#.####.##.#####
#........#....#
######.##.###.# #.##.#
#.########### #†##.#
#...........# #.##.#
###########.# ##.##.#
#########.#
##...#.#####.........#
#####.........W@...#######
...........#####.#.#
#####.....#.# ##.#.#
##...###.##....# .....##
##......# ######.
##....(.## #..#......##
#.#........# #.#........#


You could see a phantom.

Vanquished Creatures
  A phantom (D:2)
  An ogre (D:4)
  2 orc wizards
  Jessica (D:2)
  An iguana (D:4)
  Robin (D:2)
  3 gnolls (D:3)
  6 adders
  A worm (D:2)
  2 dart slugs
  7 leopard geckos
  10 orcs (D:3)
  3 giant cockroaches
  13 goblins
  6 hobgoblins
  2 jackals (D:2)
  7 kobolds
  A ball python skeleton (D:3)
  5 bats (D:3)
  6 frilled lizards
  3 rats
82 creatures vanquished.

Vanquished Creatures (others)
  A withered plant (D:3)
1 creature vanquished.

Grand Total: 83 creatures vanquished

Notes
Turn   | Place    | Note
-------+----------+-------------------------------------------
     0 | D:1      | schauveau the Gargoyle Berserker began the quest for the
                  | Orb.
     0 | D:1      | Reached XP level 1. HP: 14/14 MP: 1/1
    35 | D:1      | Reached skill level 3 in Axes
    86 | D:1      | Reached XP level 2. HP: 15/19 MP: 2/2
   787 | D:2      | Reached XP level 3. HP: 21/23 MP: 3/3
   804 | D:2      | Noticed Jessica
   819 | D:2      | Killed Jessica
   819 | D:2      | Reached skill level 4 in Axes
  1101 | D:2      | Reached XP level 4. HP: 22/28 MP: 4/4
  1222 | D:2      | Noticed Robin
  1231 | D:2      | Reached ** piety under Trog
  1242 | D:2      | Killed Robin
  1870 | D:2      | Noticed a phantom
  1994 | D:2      | Killed a phantom
  1994 | D:2      | Reached skill level 5 in Axes
  1994 | D:2      | Reached XP level 5. HP: 17/32 MP: 5/5
  2487 | D:3      | Reached XP level 6. HP: 26/37 MP: 6/6
  2518 | D:2      | Reached skill level 6 in Axes
  2814 | D:3      | Found a burning altar of Makhleb.
  2840 | D:3      | Found a runed translucent door.
  2840 | D:3      | Noticed Killmatronix's ghost (amateur DsWn)
  3401 | D:3      | Reached *** piety under Trog
  3508 | D:3      | Found an iron altar of Okawaru.
  3699 | D:4      | Found an ornate altar of the Wu Jian Council.
  3708 | D:4      | Reached XP level 7. HP: 18/41 MP: 7/7
  3721 | D:4      | Found Jerilul's Antique Armour Shop.
  3964 | D:4      | Slain by a phantom

Skill      XL: |  1  2  3  4  5  6  7 |
---------------+----------------------+-----
Axes           | 3 4 5 6 |  6.9
Armour         | 3 |  3.0
Fighting       | |  3.2
Dodging        | |  1.5

Action                   |  1- 3 |  4- 6 |  7- 9 || total
-------------------------+-------+-------+-------++-------
Melee: Hand axe          |    89 |   502 |    86 ||   677
Invok: Berserk           |     1 |     3 |     1 ||     5
  Use: Scroll            |     6 |     3 |       ||     9
       Potion            |       |     2 |     1 ||     3
 Stab: Sleeping          |     1 |       |       ||     1
  Eat: Chunk             |     1 |     8 |       ||     9
       Ration            |       |     1 |     1 ||     2
Armor: Animal skin       |    19 |       |       ||    19
       Ring mail         |    14 |    23 |       ||    37
       Chain mail        |       |   282 |    32 ||   314
Dodge: Dodged            |    66 |   221 |    28 ||   315
